Map: Pride of Altaris LE

Players

Tebz

  • Race: Terran Terran
  • League: Gold
  • Spawn Location: 5:00

Kaynen - Winner!

  • Race: Zerg Zerg
  • League: Bronze
  • Spawn Location: 11:00

VOD

https://www.twitch.tv/kaynen_skyesthelimit

Description

Test #2, Test purposes

Time

  • Played on: June 11, 2022, 10:30 p.m.
  • Length: 7:59
Show
View Real Time Build Order
Export as new Build Order

Tebz Terran 

Build Orders: 2 Factory 

Get SALT Encoding   

  12  0:00  SCV  
  13  0:12  SCV  
  14  0:19  Supply Depot  
  14  0:25  SCV  
  15  0:41  SCV  
  16  0:43  Barracks  
  16  0:48  Refinery  
  16  0:53  SCV  
  17  1:05  SCV  
  18  1:17  SCV  
  19  1:25  Supply Depot  
  19  1:29  SCV  
  19  1:32  Barracks Tech Lab  
  20  1:42  Orbital Command  
  20  2:03  Factory  
  20  2:05  Command Center  
  20  2:19  Refinery  
  20  2:21  SCV  
  21  2:32  Marine  
  21  2:33  SCV  
  23  2:44  Factory  
  23  2:45  SCV  
  17  3:10  SCV  
  17  3:14  Marine  
  18  3:22  SCV  
  18  3:26  Cyclone  
  22  3:32  Marine  
  23  3:39  SCV  
  24  3:42  Factory Tech Lab  
  24  3:51  SCV  
  24  3:52  Command Center  
  24  3:55  Marine  
  26  4:00  Hellion  
  28  4:04  SCV  
  29  4:14  Supply Depot  
  29  4:16  SCV  
  30  4:18  Supply Depot  
  30  4:22  Barracks Reactor  
  30  4:28  SCV  
  31  4:36  Siege Tank, Supply Depot  
  34  4:40  SCV  
  35  4:49  Siege Tank  
  35  4:52  SCV  
  39  5:04  SCV  
  39  5:05  Marine x2  
  37  5:16  SCV  
  35  5:22  Widow Mine  
  37  5:28  SCV  
  38  5:40  SCV  
  39  5:52  SCV  
  37  6:03  Orbital Command  
  34  6:05  SCV  
  29  6:17  SCV  
  29  6:19  Marine x2  
  17  6:29  SCV  
  18  6:33  SCV  
  18  6:37  Marine x2  
  21  6:41  SCV  
  21  6:46  SCV  
  20  6:53  Hellion, SCV  
  20  6:54  Hellion  
  17  6:55  Marine  
  16  7:05  SCV  
  16  7:20  SCV  
  17  7:25  Hellion x2  
  19  7:32  SCV  
  15  7:44  SCV  
Show
View Real Time Build Order
Export as new Build Order

Kaynen Zerg - Winner!

Build Orders: Pool First, Zergling Baneling 

Get SALT Encoding   

  12  0:00  Drone  
  13  0:12  Overlord  
  13  0:17  Drone  
  14  0:31  Drone x2  
  14  0:35  Drone  
  17  0:46  Spawning Pool  
  17  0:49  Drone  
  17  0:56  Drone  
  18  1:00  Extractor  
  17  1:13  Overlord  
  17  1:23  Hatchery  
  16  1:34  Zergling x4  
  18  1:40  Queen  
  18  1:45  Zergling x2  
  21  2:02  Zergling x4  
  23  2:14  Metabolic Boost  
  23  2:19  Queen  
  25  2:25  Overlord  
  25  2:27  Overlord  
  25  2:39  Overlord  
  25  2:41  Drone  
  26  2:58  Zergling x2  
  26  2:59  Zergling x10  
  30  3:10  Zergling x4  
  31  3:30  Baneling Nest  
  30  3:41  Queen  
  30  3:46  Drone x7  
  39  3:50  Extractor  
  39  3:55  Spore Crawler  
  37  4:08  Drone x3  
  40  4:16  Drone x3  
  43  4:28  Drone x4  
  47  4:32  Drone  
  47  4:37  Baneling x4  
  48  4:38  Baneling  
  48  4:40  Baneling  
  48  4:41  Baneling  
  48  4:44  Baneling  
  48  4:48  Zergling x4  
  50  5:06  Zergling x10  
  49  5:17  Zergling x2  
  49  5:18  Zergling x8  
  52  5:33  Baneling  
  52  5:34  Baneling x7  
  52  5:37  Lair  
  52  5:41  Overlord  
  52  5:42  Overlord x4  
  48  6:03  Zergling x6  
  49  6:08  Zergling x8  
  51  6:18  Zergling x8  
  51  6:26  Zergling x2  
  51  6:34  Zergling x4  
  53  6:50  Spire  
  53  6:53  Drone x4  
  56  6:56  Extractor  
  56  7:00  Extractor  
  53  7:07  Hatchery  
  52  7:12  Baneling x14  
  52  7:20  Drone x6  
  50  7:38  Zergling x16  
Tags
 
Add a new tag
Caveats
  • Supply blocks, unpowered buildings, or Contaminate may cause inaccurate times.
  • Supply counts are checked every 10 seconds.